 Seeded DCSS version 0.30-a0-1160-g6e42c06551 (webtiles) character file.

Game seed: 20230426 (custom seed)

4834 a11behringer the Spear-Bearer (level 10, 0/88 HPs)
             Began as a Minotaur Fighter on Apr 26, 2023.
             Was a Follower of the Shining One.
             Slain by a death yak (16 damage)
             ... on level 8 of the Dungeon.
             The game lasted 00:17:38 (5608 turns).

a11behringer the Spear-Bearer (Minotaur Fighter)    Turns: 5608, Time: 00:17:38

Health: 0/88       AC: 17    Str: 31    XL:     10   Next: 25%
Magic:  9/9        EV: 10    Int:  5    God:    the Shining One [*.....]
Gold:   442        SH:  5    Dex: 10    Spells: 9/9 levels left

rFire   + . .        a - +0 trident
rCold   . . .        c - +0 buckler
rNeg    . . .        j - +0 plate armour
rPois   .            J - +2 hat
rElec   .            (no cloak)
rCorr   .            (no gloves)
SInv    .            k - +0 pair of boots
Will    .....        f - amulet of regeneration Stlth
                     u - +6 ring of strength
HPRegen 1.14/turn    P - ring of protection from fire
MPRegen 0.11/turn

%: no passive effects
@: mighty, glowing
A: horns 2, retaliatory headbutt
a: Renounce Religion, Divine Shield


You were on level 8 of the Dungeon.
You worshipped the Shining One.
The Shining One was aware of your devotion.
You visited 1 branch of the dungeon, and saw 8 of its levels.

You collected 442 gold pieces.

Inventory:

Hand Weapons
 a - a +0 trident (weapon)
 s - a +1 scythe of protection
 t - a +0 longbow
 E - a +1 sling of freezing
 O - a +3 spear of flaming
Missiles
 A - 2 throwing nets (quivered)
Armour
 b - a +0 scale mail
 c - a +0 buckler (worn)
 j - a +0 plate armour (worn)
 k - a +0 pair of boots (worn)
 z - a +0 scale mail of fire resistance
 J - a +2 hat (worn)
Jewellery
 f - an amulet of regeneration (around neck)
 g - a ring of fire
 u - a +6 ring of strength (left hand)
 P - a ring of protection from fire (right hand)
Wands
 C - a wand of flame (25)
 I - a wand of roots (13)
 K - a wand of acid (7)
 N - a wand of polymorph (6)
Scrolls
 e - 3 scrolls of enchant armour
 h - 3 scrolls of butterflies
 i - a scroll of noise
 q - 2 scrolls of immolation {unknown}
 r - 3 scrolls of teleportation
 v - a scroll of torment {unknown}
 w - a scroll of magic mapping {unknown}
 x - 2 scrolls of blinking {unknown}
 D - 3 scrolls of brand weapon {unknown}
 F - a scroll of fear {unknown}
 H - 2 scrolls of vulnerability {unknown}
Potions
 d - 4 potions of might
 l - 4 potions of heal wounds
 m - 4 potions of haste
 n - 5 potions of degeneration
 p - 2 potions of lignification
 B - a potion of resistance {unknown}
 G - 2 potions of curing
 L - a potion of cancellation {unknown}
 M - a potion of magic {unknown}


   Skills:
 + Level 8.1 Fighting
 * Level 10.9 Polearms
 + Level 8.2 Armour
 + Level 6.6 Dodging
 + Level 8.2 Shields


You had 9 spell levels left.
You didn't know any spells.
Your spell library contained the following spells:

 Spells                   Type           Power      Damage    Failure   Level
 Shock                    Conj/Air       0%         1d3       99%         1
 Blink                    Tloc           0%         N/A       100%        2
 Lesser Beckoning         Tloc           0%         N/A       100%        2
 Momentum Strike          Conj/Tloc      0%         3d8       100%        2
 Swiftness                Air            0%         N/A       100%        3
 Airstrike                Air            0%         2d(0-16)  100%        4
 Manifold Assault         Tloc           0%         N/A       100%        4
 Dispersal                Tloc           0%         N/A       100%        6
 Disjunction              Tloc           0%         N/A       100%        8


Dungeon Overview and Level Annotations

Branches:
Dungeon (8/15)             Temple (0/1) D:5
   Lair: D:8-11

Altars:
Ashenzari
Hepliaklqana
Qazlal
Sif Muna
Trog
Xom
The Shining One

Shops:
D:1 !(:((

Annotations:
D:7 exclusion: ice statue


Innate Abilities, Weirdness & Mutations

You have a pair of horns on your head.
You reflexively headbutt those who attack you in melee.


Message History

The orc closely misses you. The death yak gores you!
You puncture the death yak!
The death yak is heavily wounded.
The orc hits you but does no damage.
The death yak gores you but does no damage.
You puncture the death yak! You headbutt the death yak!
The death yak is severely wounded.
You block the death yak's attack. The orc hits you but does no damage.
You puncture the death yak!
The death yak is almost dead.
The orc barely misses you. The death yak barely misses you.
You hit the death yak.
The death yak is almost dead.
You hit the death yak but do no damage.
The death yak is almost dead.
The orc hits you but does no damage.
The death yak gores you but does no damage.
You puncture the death yak!
The death yak is almost dead.
The orc closely misses you. The death yak gores you!!
* * * LOW HITPOINT WARNING * * *
You hit the death yak. You headbutt the death yak.
You kill the death yak!
The orc hits you but does no damage.
Your Fighting skill increases to level 8!
You impale the orc!!
You kill the orc!
The orc misses you.
You puncture the orc!
You kill the orc!
The orc hits you with a +0 trident!
* * * LOW HITPOINT WARNING * * *
The death yak gores you but does no damage.
Items here: ))) [[ ††††.
You impale the death yak!! You headbutt the death yak!
The death yak is heavily wounded.
The orc hits you with a +0 trident.
* * * LOW HITPOINT WARNING * * *
The death yak gores you!
You die...

######§##.#.#.# ##
#.##..#..# . .##
#.##.#.#.# .. ..##
#.##.###.# Y.#
...###.##.###.# ....
....##........#######.....
....'...........Y...o.#
....####.......oY#....#
...## ##..#####@#.oo....#
..## #..# #.#.......# .##
#..### #.#...o...# ##
#....# #>#.......# #
##.#.# #.#.......# #####
#.#.# #.#.......# ....#
#.#.###.###.##### .##.#
#.......#
..#.########.#####


You could see 2 death yaks and an orc.

Vanquished Creatures
  2 death yaks (D:8)
  Grinder (D:4)
  4 yaks (D:7)
  Sigmund (D:2)
  Eustachio (D:6)
  A steam dragon (D:6)
  A water moccasin (D:6)
  2 orc warriors
  An ice beast (D:5)
  2 black bears
  2 sky beasts
  5 ogres
  2 centaurs
  2 kobold brigands
  2 scorpions (D:5)
  A howler monkey (D:7)
  A hound (D:4)
  4 jellies
  A gnoll bouda (D:7)
  3 orc priests
  4 iguanas
  Jessica (D:3)
  Natasha (twice) (D:4)
  A sleepcap (D:6)
  Ijyb (D:3)
  6 orc wizards
  Terence (D:2)
  7 gnolls
  An adder (D:5)
  A shadow imp (D:6)
  A white imp (D:6)
  2 ufetubi
  A worm (D:3)
  23 orcs
  4 endoplasms
  A giant cockroach (D:4)
  4 hobgoblins
  4 quokkas
  4 ball pythons
  2 bats (D:2)
  4 frilled lizards
  2 goblins
  17 kobolds
  6 rats
139 creatures vanquished.

Notes
Turn   | Place    | Note
-------+----------+-------------------------------------------
     0 | D:1      | a11behringer the Minotaur Fighter began the quest for the
                  | Orb.
     0 | D:1      | Reached XP level 1. HP: 19/19 MP: 0/0
    40 | D:1      | Found Bozxarr's Book Shoppe.
    43 | D:1      | You fall into a shaft and drop 1 floor!
   196 | D:2      | Noticed Terence
   266 | D:2      | Reached XP level 2. HP: 27/27 MP: 1/1
   270 | D:2      | Reached skill level 3 in Polearms
   278 | D:2      | Killed Terence
   279 | D:2      | Reached skill level 1 in Dodging
   279 | D:2      | Reached XP level 3. HP: 23/33 MP: 2/2
   432 | D:1      | Found Fuwes's Antique Weapon Shop.
   468 | D:1      | Found Ficzuf's Distillery.
   572 | D:1      | Found Nuip's Weapon Emporium.
   654 | D:1      | Found Irghinawo's Weapon Shop.
  1108 | D:2      | Reached XP level 4. HP: 39/40 MP: 3/3
  1236 | D:2      | Noticed Sigmund
  1258 | D:2      | Killed Sigmund
  1259 | D:2      | Reached skill level 4 in Polearms
  1259 | D:2      | Reached XP level 5. HP: 37/47 MP: 4/4
  1706 | D:3      | Noticed Ijyb
  1720 | D:3      | Killed Ijyb
  1765 | D:3      | Reached XP level 6. HP: 50/53 MP: 5/5
  1905 | D:3      | Found a shimmering altar of Xom.
  1907 | D:3      | Found a broken altar of Ashenzari.
  1907 | D:3      | Found a sparkling altar of Nemelex Xobeh.
  1909 | D:3      | Found a shimmering altar of Xom.
  1909 | D:3      | Found a shimmering altar of Xom.
  1909 | D:3      | Found a glowing golden altar of the Shining One.
  1959 | D:3      | Noticed Jessica
  1963 | D:3      | Killed Jessica
  1964 | D:3      | Reached skill level 5 in Polearms
  2335 | D:4      | Noticed Natasha
  2335 | D:4      | Noticed Grinder
  2341 | D:4      | Killed Natasha
  2359 | D:4      | Killed Grinder
  2360 | D:4      | Reached skill level 5 in Fighting
  2360 | D:4      | Reached skill level 5 in Armour
  2360 | D:4      | Reached skill level 5 in Shields
  2360 | D:4      | Reached XP level 7. HP: 41/61 MP: 6/6
  2561 | D:4      | Noticed Natasha
  2570 | D:4      | Killed Natasha
  2643 | D:5      | Entered Level 5 of the Dungeon
  2704 | D:5      | Reached skill level 6 in Polearms
  3051 | D:5      | Reached skill level 7 in Polearms
  3051 | D:5      | Reached XP level 8. HP: 40/70 MP: 7/7
  3106 | D:5      | Found a staircase to the Ecumenical Temple.
  3177 | D:5      | Found a glowing golden altar of the Shining One.
  3207 | D:5      | Found a broken altar of Ashenzari.
  3328 | D:5      | Became a worshipper of the Shining One
  3741 | D:6      | Noticed Eustachio
  3759 | D:6      | Killed Eustachio
  3760 | D:6      | Reached skill level 8 in Polearms
  3824 | D:6      | Found a shimmering blue altar of Sif Muna.
  3899 | D:6      | Found a bloodstained altar of Trog.
  4064 | D:6      | Reached skill level 5 in Dodging
  4154 | D:6      | Reached XP level 9. HP: 78/78 MP: 8/8
  4384 | D:7      | Reached skill level 9 in Polearms
  4392 | D:7      | Noticed an ice statue
  4603 | D:7      | Reached * piety under the Shining One
  4948 | D:7      | Reached skill level 10 in Polearms
  5355 | D:8      | Found a stormy altar of Qazlal.
  5375 | D:8      | Found a hazy altar of Hepliaklqana.
  5573 | D:8      | Noticed a death yak
  5574 | D:8      | Noticed a death yak
  5574 | D:8      | Noticed a death yak
  5575 | D:8      | Noticed a death yak
  5590 | D:8      | Killed a death yak
  5591 | D:8      | Reached XP level 10. HP: 78/88 MP: 9/9
  5604 | D:8      | Killed a death yak
  5608 | D:8      | Slain by a death yak

Illustrated notes

Levels and vault maps discovered:
D:1:      kennysheep_arrival_seaside, layout_loops_ring, serial_shops, shop,
          shop, nicolae_shop_bloodbath_and_beyond,
          nicolae_shop_tiny_statue_garden, shop, corexii_corridor_pit
D:2:      layout_basic, uniq_terence, uniq_sigmund
D:3:      layout_rooms, doesnt_xom_only_xom, kennysheep_flooded_box, uniq_ijyb,
          uniq_jessica
D:4:      layout_cave_pools, minmay_misc_feat_enclosed, uniq_natasha,
          uniq_grinder
D:5:      layout_cave_pools, mainiacjoe_overflow_two_lobes,
          hangedman_abyss_or_decor_stabs
D:6:      layout_gridville, nicolae_sif_muna_little_library,
          lemuel_crystal_altar, uniq_eustachio
D:7:      lemuel_ice_statue, layout_loops_cross
D:8:      layout_loops_corners, makhleb_grotto_becter,
          mainiacjoe_overflow_catwalk_spiral, dpeg_lair_monsters, uniq_grum,
          uniq_erica, uniq_maggie

Skill      XL: |  1  2  3  4  5  6  7  8  9 10 |
---------------+-------------------------------+-----
Polearms       | 3 4 5 7 8 10 | 10.9
Fighting       | 4 5 6 7 8 |  8.1
Armour         | 4 5 6 8 |  8.2
Dodging        | 1 2 3 5 6 |  6.6
Shields        | 4 5 6 8 |  8.2

Action                     |  1- 3 |  4- 6 |  7- 9 | 10-12 || total
---------------------------+-------+-------+-------+-------++-------
  Melee: Trident           |    63 |   111 |   332 |    16 ||   522
         Headbutt          |    10 |    11 |    65 |     3 ||    89
    Use: Scroll            |       |       |    11 |       ||    11
         Potion            |       |       |     1 |     1 ||     2
 Armour: Plate armour      |    28 |    33 |   152 |     9 ||   222
         Scale mail        |     3 |       |       |       ||     3
  Dodge: Dodged            |    12 |    18 |    94 |     6 ||   130
  Block: Buckler           |     8 |    19 |    65 |     2 ||    94

Table legend: (Time is in decaauts)
 A = Elapsed time spent in this place.
 B = Non-inter-level travel time spent in this place.
 C = Inter-level travel time spent in this place.
 D = Time resting spent in this place.
 E = Time spent auto-exploring this place.
 F = Levels seen in this place.
 G = Mean time per level.
                   A        B        C        D        E       F      G
               +--------+--------+--------+--------+--------+-----+--------+
         Total |   5596 |   4924 |    672 |      0 |   3901 |   8 |  699.5 |
       Dungeon |   5596 |   4924 |    672 |      0 |   3901 |   8 |  699.5 |
               +--------+--------+--------+--------+--------+-----+--------+

Top non-repeatable levels by time:
     D:6: 992 daAuts
     D:7: 914 daAuts
     D:2: 907 daAuts
     D:5: 771 daAuts
     D:1: 721 daAuts
     D:4: 536 daAuts
     D:3: 499 daAuts
     D:8: 251 daAuts
